 Dungeon Crawl Stone Soup version 0.31.0-32-g396128a36d (webtiles) character file.

Game seed: 1761606872524007885

114 jagang the Slasher (level 4, -2/37 HPs)
             Began as a Human Monk on Mar 15, 2024.
             Slain by a gnoll
             ... wielding a +0 spear
              (5 damage)
             ... on level 3 of the Dungeon.
             The game lasted 00:07:18 (2717 turns).

jagang the Slasher (Human Monk)                     Turns: 2717, Time: 00:07:18

Health: -2/37      AC:  7    Str: 11    XL:     4   Next: 98%
Magic:  4/4        EV:  9    Int: 11    God:
Gold:   196        SH:  0    Dex: 17    Spells: 3/3 levels left

rFire   . . .        a - +0 falchion
rCold   . . .        d - orb {light}
rNeg    . . .        g - +0 scale mail
rPois   .            (no helmet)
rElec   .            j - +0 cloak
rCorr   .            (no gloves)
SInv    .            (no boots)
Will    .....        (no amulet) Stlth
                     (no ring)
HPRegen 0.26/turn    (no ring)
MPRegen 0.09/turn

%: no passive effects
@: glowing
A: explore regen
a: no special abilities


You were on level 3 of the Dungeon.
You visited 1 branch of the dungeon, and saw 3 of its levels.

You collected 196 gold pieces.

Inventory:

Hand Weapons
 a - a +0 falchion (weapon)
Missiles
 f - a poisoned dart (quivered)
Armour
 d - an orb of light (worn)
 g - a +0 scale mail (worn)
 i - a +0 kite shield
 j - a +0 cloak (worn)
Scrolls
 b - a scroll of fog
 h - 2 scrolls of teleportation
 k - a scroll of fear
Potions
 e - 2 potions of curing {unknown}
 l - a potion of heal wounds {unknown}


   Skills:
 + Level 3.9 Fighting
 * Level 4.6 Long Blades
 - Level 3.0 Dodging
 + Level 1.0 Shields


You had 3 spell levels left.
You didn't know any spells.
Your spell library contained the following spells:

 Spells                   Type           Power      Damage    Failure   Level
 Call Canine Familiar     Summ           0%         N/A       100%        3
 Fugue of the Fallen      Necr           0%         N/A       100%        3
 Gell's Gravitas          Tloc           0%         N/A       100%        3
 Inner Flame              Hex/Fire       0%         N/A       100%        3
 Ozocubu's Armour         Ice            0%         N/A       100%        3
 Sigil of Binding         Hex            0%         N/A       100%        3
 Teleport Other           Tloc           0%         N/A       100%        3
 Dimensional Bullseye     Hex/Tloc       0%         N/A       100%        4
 Flame Wave               Conj/Fire      0%         2d4       100%        4
 Manifold Assault         Tloc           0%         N/A       100%        4
 Sticky Flame             Fire/Alch      0%         2d4       100%        4
 Dispersal                Tloc           0%         N/A       100%        6


Dungeon Overview and Level Annotations

Branches:
Dungeon (3/15)

Altars:
Trog

Shops:
D:1 (


Innate Abilities, Weirdness & Mutations

You regain HP and MP as you explore.


Message History

The gnoll is heavily wounded.
The gnoll hits you but does no damage. x2
You are confused.
You feel invigorated. The gnoll barely misses you.
The gnoll hits you but does no damage.
You hit the gnoll.
You kill the gnoll!
The gnoll throws a throwing net.
The throwing net hits you.
You become entangled in the net!
Your Shields skill increases to level 1!
You struggle against the net.
You feel less invigorated.
You feel less confused.
The gnoll hits you from afar with a +0 spear.
You struggle against the net.
The gnoll looks more healthy.
The gnoll hits you from afar with a +0 spear.
You struggle against the net.
The gnoll hits you from afar with a +0 spear.
* * * LOW HITPOINT WARNING * * *
You shred the net and break free! The gnoll barely misses you.
The gnoll hits you with a +0 spear.
* * * LOW HITPOINT WARNING * * *
Things that are here:
a +0 spear; a gnoll corpse; a rat corpse
Okay, then.
You hit the gnoll but do no damage. The gnoll closely misses you.
The gnoll hits you with a +0 spear.
* * * LOW HITPOINT WARNING * * *
You hit the gnoll.
The gnoll is lightly wounded.
The gnoll hits you but does no damage.
You slash the gnoll!
The gnoll is severely wounded.
The gnoll hits you but does no damage.
You hit the gnoll but do no damage.
The gnoll is severely wounded.
The gnoll hits you but does no damage.
You hit the gnoll.
The gnoll is severely wounded.
The gnoll hits you with a +0 spear.
You die...

####...§§......#
#.§.....#..##
#.......#.#
#####
#..§......#
#....
##.....####
#.... #.....##
##... #.#####
#... #†# ##..
#@# #.. ###g#
#.. #.gg# #..
#.......g# ##..
#........# #...
#........# #.##
#......... #...
#........## ####
#........# #.


You could see 3 gnolls and a hobgoblin.

Vanquished Creatures
  A gnoll (D:3)
  An adder (D:2)
  3 dart slugs
  2 ribbon worms
  7 orcs (D:3)
  5 ball pythons
  3 bats
  6 endoplasms
  5 giant cockroaches
  7 goblins
  6 hobgoblins
  8 jackals
  4 quokkas
  3 kobolds
  9 rats
70 creatures vanquished.

Notes
Turn   | Place    | Note
-------+----------+-------------------------------------------
     0 | D:1      | jagang the Human Monk began the quest for the Orb.
     0 | D:1      | Reached XP level 1. HP: 18/18 MP: 1/1
    49 | D:1      | Reached XP level 2. HP: 24/24 MP: 2/2
   186 | D:1      | Reached XP level 3. HP: 16/29 MP: 3/3
   295 | D:1      | Found Amiwny's Weapon Boutique.
   376 | D:1      | Reached skill level 4 in Long Blades
  1293 | D:2      | Reached XP level 4. HP: 36/36 MP: 4/4
  2365 | D:3      | Found a bloodstained altar of Trog.
  2708 | D:3      | Reached skill level 1 in Shields
  2717 | D:3      | Slain by a gnoll

Illustrated notes

Levels and vault maps discovered:
D:1:      roderic_chinese_lattice_arrival, layout_rooms, serial_shops,
          nicolae_shop_rolling_square
D:2:      layout_loops_corners, lemuel_flame_loot_1
D:3:      layout_rooms, mainiacjoe_overflow_brackets,
          chequers_ecumenical_altar_lobes, minivault_23

Skill      XL: |  1  2  3  4 |
---------------+-------------+-----
Long Blades    | 4 |  4.6
Shields        | 1 |  1.0
Fighting       | |  3.9
Dodging        | |  3.0

Action                     |  1- 3 |  4- 6 || total
---------------------------+-------+-------++-------
  Melee: Falchion          |   103 |    87 ||   190
  Throw: Dart              |       |     3 ||     3
    Use: Scroll            |       |     3 ||     3
         Potion            |       |     1 ||     1
 Armour: Robe              |    10 |       ||    10
         Ring mail         |    23 |       ||    23
         Scale mail        |    44 |    79 ||   123
  Dodge: Dodged            |    64 |    37 ||   101
